 Dungeon Crawl Stone Soup version 0.23-a0-169-gb21e695 (webtiles) character file.

41 Amnesiac the Chiller (level 3, -4/24 HPs)
             Began as a Mummy Ice Elementalist on Sept 11, 2018.
             Slain by a big kobold (6 damage)
             ... in a sewer.
             The game lasted 00:04:03 (1047 turns).

Amnesiac the Chiller (Mummy Ice Elementalist)       Turns: 1047, Time: 00:04:04

Health: -4/24      AC:  3    Str: 11    XL:     3   Next: 32%
Magic:  1/7        EV: 12    Int: 15    God:
Gold:   46         SH:  0    Dex: 12    Spells: 2/8 levels left

rFire    x . .     SeeInvis .   b - +0 short sword
rCold    + . .     Gourm    .   (no shield)
rNeg     + + +     Faith    .   a - +0 robe
rPois    ∞         Spirit   .   (no helmet)
rElec    .         Reflect  .   (no cloak)
rCorr    .         Harm     .   (no gloves)
MR       .....                  e - +0 pair of boots (curse)
Stlth    ++........             (no amulet)
HPRegen  0.08/turn              (no ring)
MPRegen  0.10/turn              (no ring)

@: very slightly contaminated
A: no food or potions, fire vulnerability, cold resistance 1, negative energy
resistance 3, torment resistance, unbreathing
a: no special abilities


You were in a sewer.
You were not hungry.

You visited 1 branch of the dungeon, and saw 3 of its levels.
You also visited: Sewer.

You collected 46 gold pieces.

Inventory:

Hand Weapons
 b - a +0 short sword (weapon)
Armour
 a - a +0 robe (worn)
 e - a cursed +0 pair of boots (worn)
Wands
 d - a wand of iceblast (7)
Scrolls
 c - a scroll of remove curse {!r, unknown}
 f - a scroll of amnesia {!r, unknown}
 g - a scroll of fear {!r, unknown}


   Skills:
 - Level 1.5 Dodging
 - Level 1.5 Stealth
 + Level 3.2 Spellcasting
 + Level 1.1 Conjurations
 * Level 3.3 Ice Magic


You had 2 spell levels left.
You knew the following spells:

 Your Spells              Type           Power        Failure   Level  Hunger
a - Freeze                Ice            ##..         4%          1    N/A
e - Throw Frost           Conj/Ice       #.....       12%         2    N/A
z - Ozocubu's Armour      Chrm/Ice       #.......     30%         3    N/A

Your spell library contained the following spells:

 Spells                   Type           Power        Failure   Level  Hunger
 Throw Icicle             Conj/Ice       #.......     61%         4    N/A
 Summon Ice Beast         Ice/Summ       #.......     69%         4    N/A

Dungeon Overview and Level Annotations

Branches:
Dungeon (3/15)

Altars:


Innate Abilities, Weirdness & Mutations

You do not eat or drink.
Your flesh is vulnerable to fire.
You are immune to poison.
Your flesh is cold resistant. (rC+)
You are immune to negative energy. (rN+++)
You are immune to unholy pain and torment.
You can survive without breathing.


Message History

You miscast Freeze.
You are very lightly contaminated with residual magic.
Nothing appears to happen.
The big kobold hits you.
Casting: Freeze (safe; 4% risk of failure)
Confirm with . or Enter, or press ? or * to list all spells.
Aiming: Freeze (safe; 4% risk of failure)
Press: ? - help, Shift-Dir - straight line, f/p - big kobold
Aim: a big kobold (lightly wounded)
You freeze the big kobold.
The big kobold is moderately wounded.
The big kobold hits you.
Casting: Freeze (safe; 4% risk of failure)
Confirm with . or Enter, or press ? or * to list all spells.
Aiming: Freeze (safe; 4% risk of failure)
Press: ? - help, Shift-Dir - straight line, f/p - big kobold
Aim: a big kobold (moderately wounded)
You freeze the big kobold.
The big kobold is moderately wounded.
The big kobold hits you but does no damage.
Casting: Freeze (safe; 4% risk of failure)
Confirm with . or Enter, or press ? or * to list all spells.
Aiming: Freeze (safe; 4% risk of failure)
Press: ? - help, Shift-Dir - straight line, f/p - big kobold
Aim: a big kobold (moderately wounded)
You freeze the big kobold.
The big kobold is heavily wounded.
The big kobold hits you.
* * * LOW HITPOINT WARNING * * *
Casting: Freeze (safe; 4% risk of failure)
Confirm with . or Enter, or press ? or * to list all spells.
Aiming: Freeze (safe; 4% risk of failure)
Press: ? - help, Shift-Dir - straight line, f/p - big kobold
Aim: a big kobold (heavily wounded)
You freeze the big kobold.
The big kobold is heavily wounded.
The big kobold splashes around in the water.
Casting: Freeze (safe; 4% risk of failure)
Confirm with . or Enter, or press ? or * to list all spells.
Aiming: Freeze (safe; 4% risk of failure)
Press: ? - help, Shift-Dir - straight line, f/p - big kobold
Aim: a big kobold (heavily wounded)
You freeze the big kobold.
The big kobold is almost dead.
The big kobold hits you.
* * * LOW HITPOINT WARNING * * *
Casting: Freeze (safe; 4% risk of failure)
Confirm with . or Enter, or press ? or * to list all spells.
You don't have enough magic to cast that spell.
Casting: Freeze (safe; 4% risk of failure)
Confirm with . or Enter, or press ? or * to list all spells.
You don't have enough magic to cast that spell.
You closely miss the big kobold.
The big kobold is almost dead.
The big kobold hits you.
* * * LOW HITPOINT WARNING * * *
You miss the big kobold.
The big kobold is almost dead.
The big kobold hits you.
* * * LOW HITPOINT WARNING * * *
Unknown command.
You hit the big kobold.
The big kobold is almost dead.
The big kobold hits you.
You die... ############################## #.†.†∩.∩.....@KK≈≈≈≈≈≈≈≈≈≈≈≈≈≈ ##############################

You could see a big kobold and a kobold.

Vanquished Creatures
  A river rat (Sewer)
  A leopard gecko (D:2)
  An orc (D:3)
  2 giant cockroaches
  6 hobgoblins
  4 jackals
  A quokka (D:3)
  A frilled lizard (D:2)
  2 goblins
  3 kobolds
  7 rats
29 creatures vanquished.

Notes
Turn   | Place    | Note
-------+----------+-------------------------------------------
     0 | D:1      | Amnesiac the Mummy Ice Elementalist began the quest for the
                  | Orb.
     0 | D:1      | Reached XP level 1. HP: 13/13 MP: 4/4
   254 | D:2      | Reached XP level 2. HP: 19/19 MP: 2/5
   453 | D:3      | Learned a level 2 spell: Throw Frost
   633 | D:3      | Found a glowing drain.
   636 | D:3      | Reached skill level 1 in Conjurations
   652 | D:3      | Reached XP level 3. HP: 11/24 MP: 3/7
   657 | D:3      | Learned a level 3 spell: Ozocubu's Armour
   806 | Sewer    | Entered a sewer
  1003 | Sewer    | Noticed a big kobold
  1046 | Sewer    | HP: 1/24 [big kobold (1)]
  1047 | Sewer    | Slain by a big kobold

Vault maps used:
D:1:      lemuel_arrival_broad_hall, kennysheep_another_room,
          grunt_decor_arrowhead, minmay_crystal_water
D:3:      cheibrodos_sewer_entry_drain
Sewer:    sewer_kobolds

Skill      XL: |  1  2 |
---------------+-------+-----
Ice Magic      | 3 |  3.3
Spellcasting   | 3 |  3.2
Conjurations   | 1 |  1.1
Dodging        | |  1.5
Stealth        | |  1.5

Action                   || total
-------------------------++-------
Melee: Unarmed           ||    14
       Short sword       ||     9
 Cast: Freeze            ||    51
  Use: Scroll            ||     2
 Stab: Sleeping          ||     2
Armor: Robe              ||    16
Dodge: Dodged            ||    45

Table legend:
 A = Non-vault XP
 B = Vault XP
 C = Vault XP percentage of total XP
 D = Non-vault monster count
 E = Vault monster count
 F = Vault count percentage of total count
                 A         B        C        D         E       F
            +---------+---------+-------+---------+---------+-------
      Total |      38 |      21 |  35.6 |      21 |       8 |  27.6
            +---------+---------+-------+---------+---------+-------
        D:1 |       2 |       0 |   0.0 |       1 |       0 |   0.0
        D:2 |      18 |       0 |   0.0 |      10 |       0 |   0.0
        D:3 |      18 |       3 |  14.3 |      10 |       2 |  16.7
      Sewer |       0 |      18 | 100.0 |       0 |       6 | 100.0
            +---------+---------+-------+---------+---------+-------
